AoeStats
← Tand00riKnight

Arena

510138892Analyzed
1v1 RM · 3d ago on Sep 29, 2026· 25m 45s· 2 players
Game mode
Random Map
Map size
Tiny (2 player)
Population
200
Speed
Normal
Resources
Standard
Victory
Conquest
Starting age
Dark Age
Ending age
Imperial Age
RankedLock teamsTeams togetherTeam positionsShared explorationLock speedFull tech treeHidden civsTurbo modeCheats
Victory
Defeat
🇮🇳 Bengalis · India
974
+17
🇦🇷 Turks · Argentina
1006
-17
Tand00riKnight
11:01 Feudal Age
12:21 Loom
15:50 Castle Age
14:28 Double-Bit Axe
14:28 Horse Collar
16:00 Gold Mining
16:42 Bow Saw
20:33 Fletching
22:27 Bodkin Arrow
26:54 Wheelbarrow
APPELFX
5:08 Loom
9:17 Feudal Age
10:38 Wheelbarrow
9:50 Double-Bit Axe
9:58 Horse Collar
10:30 Town Watch
20:40 Castle Age
19:54 Bloodlines
19:40 Gold Mining
21:25 Husbandry
23:05 Scale Barding Armor
23:13 Forging
23:34 Heavy Plow
Connection lost

Rejoining the realm…

Still unreachable

The connection could not be restored.

Session expired

The server has moved on; the page needs a fresh start.